 Dungeon Crawl Stone Soup version 0.19.5 (webtiles) character file.

1097 Hybris the Cutter (level 8, -2/39 HPs)
             Began as a Spriggan Abyssal Knight on Mar 23, 2017.
             Was a Priest of Lugonu.
             Killed from afar by an orc wizard (5 damage)
             ... with a puff of flame
             ... on level 5 of the Dungeon.
             The game lasted 00:23:24 (7794 turns).

Hybris the Cutter (Spriggan Abyssal Knight)         Turns: 7794, Time: 00:23:24

Health: -2/39      AC:  2    Str:  8    XL:     8   Next: 10%
Magic:  8/10       EV: 23    Int: 14    God:    Lugonu [***...]
Gold:   340        SH:  0    Dex: 17    Spells: 0 memorised, 7 levels left

rFire  . . .     SeeInvis +     z - +0 rapier
rCold  . . .     Gourm    .     q - +0 robe
rNeg   . . .     Faith    .     (shield restricted)
rPois  .         Spirit   .     (helmet restricted)
rElec  .         Reflect  .     (no cloak)
rCorr  +         Harm     .     (gloves unavailable)
MR     +....                    (boots unavailable)
Stlth  ++++......               (no amulet)
                                (no ring)
                                d - ring of resist corrosion

@: very quick
A: unfitting armour, see invisible, herbivore 3, speed 3, slow metabolism 2
a: Depart the Abyss, Bend Space, Banish, Renounce Religion


You were on level 5 of the Dungeon.
You worshipped Lugonu.
Lugonu was most pleased with you.
You were not hungry.

You visited 1 branch of the dungeon, and saw 5 of its levels.
You visited the Abyss 1 time.
You also visited: Ossuary.

You collected 340 gold pieces.

Inventory:

Hand Weapons
 a - a +1 short sword
 z - a +0 rapier (weapon)
Armour
 q - a +0 robe (worn)
Jewellery
 d - a ring of resist corrosion (left hand)
 C - a cursed amulet of inaccuracy {unknown}
Wands
 c - a wand of iceblast (5/15)
Scrolls
 b - a scroll of amnesia {unknown}
 e - a scroll of enchant armour {unknown}
 f - 3 scrolls of recharging {unknown}
 g - 2 scrolls of fear {unknown}
 i - 5 scrolls of identify
 p - 3 scrolls of remove curse {unknown}
 s - a scroll of fog {unknown}
 u - 3 scrolls of teleportation
 w - 4 scrolls of blinking {unknown}
Potions
 j - a potion of ambrosia
 k - 3 potions of haste {unknown}
 l - a potion of lignification {unknown}
 n - 2 potions of flight {unknown}
 o - 2 potions of curing
 r - a potion of heal wounds
 t - 2 potions of degeneration {unknown}
 v - a potion of magic {unknown}
Books
 y - a book of Maledictions

   Spells                             Type                      Level
   a - Corona                         Hexes                        1
   b - Ensorcelled Hibernation        Hexes/Ice                    2
   c - Confuse                        Hexes                        3
   d - Tukima's Dance                 Hexes                        3
   e - Dazzling Spray                 Conjuration/Hexes            3
Comestibles
 h - a slice of pizza
 m - 2 fruits
 x - 2 royal jellies
 A - a bread ration


   Skills:
 - Level 2.4 Fighting
 * Level 7.8 Short Blades
 + Level 7.6 Dodging
 + Level 7.0 Stealth
 - Level 1.7 Invocations


You had 7 spell levels left.
You didn't know any spells.

Dungeon Overview and Level Annotations

Branches:
Dungeon (5/15)
 Temple: D:4-7

Altars:
Fedhas
Qazlal

Annotations:
D:3 Grinder


Innate Abilities, Weirdness & Mutations

You are very small and have problems with some larger weapons.
You are too small for most types of armour.
You have supernaturally acute eyesight. (SInv)
You are a herbivore.
You cover ground extremely quickly.
You need consume almost no food.


Message History

You are too injured to fight recklessly!
Space bends around you!
You blink.
* * * LOW HITPOINT WARNING * * *
Found 10 stones.
Unknown command.
Space bends around you!
You blink.
* * * LOW HITPOINT WARNING * * *
The orc wizard casts a spell at you. The puff of frost misses you.
Unknown command.
Space bends around you!
You blink.
* * * LOW HITPOINT WARNING * * *
Unknown command.
The orc throws a tomahawk.
The tomahawk completely misses you.
Things that are here:
a dagger; a robe; a short sword You see here a tomahawk.
The orc wizard points at you and mumbles some strange words.
The puff of flame hits you!
You die...

##.....##..
#########..........
#..................
#..................
#..................
#).................
####....##...........
###...##....#####...........
....(##...@# ##.)........
#...##..(.# ###.........
#...##....####..###.....#.
#...##.....##.......###... #
#...o)..........######....
#.#...##..........# ###..##
#.#...###o##$...#.# #....#.
#.....###.#...#.#..###.#....
##..oo....###.#.# ...#.#....


You could see an orc priest and an orc wizard.

Vanquished Creatures
  An ogre (D:4)
  A phantom (D:4)
  2 elf zombies (Ossuary)
  A scorpion (D:5)
  3 centaur zombies (Ossuary)
  A human zombie (Ossuary)
  A jelly (D:5)
  2 hounds
  3 bullfrog skeletons
  Jessica (D:3)
  Ijyb (D:4)
  4 orc wizards
  3 worker ants (D:4)
  A hound skeleton (D:5)
  A mummy (Ossuary)
  3 adders
  3 gnolls (D:2)
  An ooze (D:3)
  3 worms
  A dart slug (D:1)
  4 leopard geckos
  19 orcs
  2 ball pythons
  2 giant cockroaches
  16 goblins
  5 hobgoblins
  7 jackals
  2 quokkas
  7 bats
  6 frilled lizards
  10 kobolds
  A leopard gecko skeleton (D:5)
  A quokka skeleton (D:4)
  10 rats
129 creatures vanquished.

Vanquished Creatures (others)
  2 gnolls (D:2)
2 creatures vanquished.

Grand Total: 131 creatures vanquished

Notes
Turn   | Place    | Note
-------+----------+-------------------------------------------
     0 | Abyss:1  | Hybris the Spriggan Abyssal Knight began the quest for the Orb.
     0 | Abyss:1  | Reached XP level 1. HP: 11/11 MP: 3/3
     5 | Abyss:1  | Found a corrupted altar of Lugonu.
    39 | Abyss:1  | Found a sparkling altar of Nemelex Xobeh.
    83 | D:1      | Escaped the Abyss
   283 | D:1      | Reached * piety under Lugonu
   350 | D:1      | Reached XP level 2. HP: 10/16 MP: 4/4
  1192 | D:2      | Reached XP level 3. HP: 17/19 MP: 5/5
  1395 | D:2      | Found a stormy altar of Qazlal.
  1616 | D:2      | Reached ** piety under Lugonu
  1616 | D:2      | Reached skill level 1 in Stealth
  2249 | D:2      | Reached XP level 4. HP: 17/23 MP: 6/6
  3336 | D:3      | Noticed Jessica
  3351 | D:3      | Killed Jessica
  3351 | D:3      | Reached skill level 5 in Dodging
  3351 | D:3      | Reached XP level 5. HP: 16/27 MP: 7/7
  3769 | D:3      | Reached skill level 5 in Short Blades
  4093 | D:3      | Noticed Grinder
  4791 | D:3      | Reached XP level 6. HP: 9/32 MP: 8/8
  5151 | D:4      | Found a sand-covered staircase.
  5158 | Ossuary  | Entered an ossuary
  5249 | Ossuary  | Reached *** piety under Lugonu
  5308 | Ossuary  | Reached skill level 5 in Stealth
  5308 | Ossuary  | Reached XP level 7. HP: 17/35 MP: 9/9
  5808 | D:4      | Found a blossoming altar of Fedhas.
  6628 | D:4      | Noticed Ijyb
  6686 | D:4      | Killed Ijyb
  7215 | D:5      | Entered Level 5 of the Dungeon
  7234 | D:5      | Got a faintly humming ring mail
  7235 | D:5      | Identified the cursed +0 ring mail "Pinlavih" {rPois MR+ Int+3} (You found it on level 5 of the Dungeon)
  7574 | D:5      | Reached XP level 8. HP: 39/39 MP: 10/10
  7715 | D:5      | Got a jewelled hand axe
  7716 | D:5      | Identified the +6 hand axe of Irritation {chop, Int+3} (You found it on level 5 of the Dungeon)
  7794 | D:5      | Killed from afar by an orc wizard

Skill      XL: |  1  2  3  4  5  6  7  8 |
---------------+-------------------------+-----
Dodging        | 4 5 6 7 |  7.6
Short Blades   | 3 4 5 6 7 |  7.8
Stealth        | 1 3 5 6 7 |  7.0
Fighting       | |  2.4
Invocations    | |  1.7

Action                   |  1- 3 |  4- 6 |  7- 9 || total
-------------------------+-------+-------+-------++-------
Melee: Short sword       |   157 |   304 |   209 ||   670
       Rapier            |       |       |    24 ||    24
Invok: Depart the Abyss  |     1 |       |       ||     1
       Bend Space        |       |       |     5 ||     5
Evoke: Wand              |       |       |     3 ||     3
  Use: Potion            |     1 |     6 |     1 ||     8
       Scroll            |       |     1 |     3 ||     4
 Stab: Sleeping          |     2 |     4 |     9 ||    15
       Distracted        |       |       |     2 ||     2
  Eat: Fruit             |       |     2 |       ||     2
       Bread ration      |       |       |     1 ||     1
Armor: Robe              |     8 |     8 |     6 ||    22
Dodge: Dodged            |   122 |   180 |   144 ||   446
